 Dungeon Crawl Stone Soup version 0.31-a0-700-gf13585253f (webtiles) character file.

Game seed: 18317574540675041563

380062 inmateoo the Tycoon (level 22, -21/162 (176) HPs)
             Began as a Gnoll Venom Mage on Sept 2, 2023.
             Was an Initiate of Gozag.
             Killed from afar by a living spell (24 damage)
             ... with an iceblast
             ... summoned by a walking frostbound tome
             ... on level 3 of the Depths on Sept 7, 2023.
             The game lasted 02:22:47 (60841 turns).

inmateoo the Tycoon (Gnoll Venom Mage)             Turns: 60841, Time: 02:22:48

HP:   -21/162 (176) AC: 22    Str:  7      XL:     22   Next: 86%
MP:   16/42         EV: 22    Int: 33      God:    Gozag
Gold: 10853         SH: 12    Dex: 20 (21) Spells: 14/53 levels left

rFire   + + .        v - +8 short sword "Enuwuwa" {freeze, rF++ SInv Stlth-}
rCold   + + .        V - +3 warlock's mirror {omnireflect}
rNeg    . . .        f - +2 leather armour {rC+}
rPois   +            S - +3 helmet of Lugonu's Supremacy {+Blink rPois Int+3}
rElec   .            N - +2 cloak of Voumige {Dex+6 SInv}
rCorr   +            E - +2 pair of gloves "Exitwico" {+Blink rC+ rCorr SInv}
SInv    +            J - +2 pair of boots {Fly}
Will    ++...        U - amulet of regeneration
Stlth   +++++        k - +6 ring of intelligence
HPRegen 1.27/turn    g - ring of willpower
MPRegen 0.28/turn

%: reflection
@: about to teleport, radiating poison, forested, gold aura, flying, drained
A: fangs 1, strong nose, distributed training, deterioration 1
}: 2/15 runes: decaying, gossamer
a: Renounce Religion, Evoke Blink, Potion Petition, Call Merchant, Bribe Branch


You were on level 3 of the Depths.
You worshipped Gozag.
Gozag was extremely pleased with you.
You visited 10 branches of the dungeon, and saw 40 of its levels.
You also visited: Ice Cave and Volcano.

You collected 18559 gold pieces.
You spent 4513 gold pieces at shops.
You paid 3193 gold pieces to Gozag.

Inventory:

Hand Weapons
 v - the +8 short sword "Enuwuwa" (weapon) {freeze, rF++ SInv Stlth-}
   (You found it on level 1 of the Lair of Beasts)

   rF++:      It greatly protects you from fire.
   SInv:      It lets you see invisible.
   Stlth-:    It makes you less stealthy.
Missiles
 z - 6 curare-tipped darts
 Q - 4 silver javelins
Armour
 f - a +2 leather armour of cold resistance (worn)
 s - the +5 helmet "Sotig" {Will+}
   (You took it off Robin on level 3 of the Dungeon)

   Will+:     It increases your willpower.
 E - the +2 pair of gloves "Exitwico" (worn) {+Blink rC+ rCorr SInv}
   (You bought it in a shop on level 4 of the Dungeon)

   rC+:       It protects you from cold.
   SInv:      It lets you see invisible.
   +Blink:    It lets you blink.
   rCorr:     It protects you from acid and corrosion.
 J - a +2 pair of boots of flying (worn)
 N - the +2 cloak of Voumige (worn) {Dex+6 SInv}
   (You found it on level 5 of the Lair of Beasts)

   Dex+6:     It affects your dexterity (+6).
   SInv:      It lets you see invisible.
 S - the +3 helmet of Lugonu's Supremacy (worn) {+Blink rPois Int+3}
   (You bought it in a shop on level 1 of the Depths)

   Int+3:     It affects your intelligence (+3).
   rPois:     It protects you from poison +Blink: It lets you blink.
 V - the +3 warlock's mirror (worn) {omnireflect}
   (You bought it in a shop on level 2 of the Orcish Mines)

   Omnireflect: It can block and reflect piercing ranged attacks and magical
   attacks against the wielder's willpower.
Magical Staves
 h - a staff of earth
Jewellery
 g - a ring of willpower (right hand)
 j - a ring of protection from cold
 k - a +6 ring of intelligence (left hand)
 r - a ring of protection from fire
 I - the ring "Ronoaqar" {rElec rC+ rN+ Str+4 Int-2}
   (You found it on level 4 of the Lair of Beasts)

   [ring of protection from cold]

   Str+4:     It affects your strength (+4).
   Int-2:     It affects your intelligence (-2).
   rC+:       It protects you from cold.
   rElec:     It insulates you from electricity.
   rN+:       It protects you from negative energy.
 U - an amulet of regeneration (around neck)
Talismans
 Z - a granite talisman
Wands
 n - a wand of roots (3)
 F - a wand of flame (25)
 M - a wand of digging (5)
 Y - a wand of charming (30)
Scrolls
 a - a scroll of brand weapon
 c - 6 scrolls of enchant armour
 i - 13 scrolls of identify
 q - 3 scrolls of blinking
 t - 2 scrolls of poison
 u - 6 scrolls of fog
 y - 20 scrolls of teleportation
 C - 3 scrolls of enchant weapon
 H - 2 scrolls of torment
 P - a scroll of fear
 R - a scroll of summoning
 T - 2 scrolls of amnesia
 W - 3 scrolls of revelation
Potions
 b - 6 potions of magic
 d - 3 potions of brilliance
 e - 6 potions of mutation
 l - 3 potions of invisibility
 m - 2 potions of lignification
 o - 2 potions of might
 p - 5 potions of attraction
 x - 12 potions of curing
 B - 6 potions of haste
 D - 2 potions of resistance
 G - 12 potions of ambrosia
 K - 5 potions of enlightenment
 L - 4 potions of heal wounds
 X - a potion of berserk rage
Miscellaneous
 w - a lightning rod (4/4)
 A - a phantom mirror
 O - a phial of floods


   Skills:
 + Level 15.6 Fighting
 + Level 15.6 Short Blades
 + Level 15.6 Long Blades
 + Level 15.6 Axes
 + Level 15.6 Maces & Flails
 + Level 15.6 Polearms
 + Level 15.6 Staves
 + Level 15.6 Ranged Weapons
 + Level 15.6 Throwing
 + Level 15.6 Armour
 + Level 16.2 Dodging
 + Level 16.1 Stealth
 + Level 15.6 Shields
 + Level 15.6 Unarmed Combat
 + Level 16.3 Spellcasting
 + Level 13.2 Conjurations
 + Level 13.2 Hexes
 + Level 13.2 Summonings
 + Level 13.2 Necromancy
 + Level 13.2 Translocations
 + Level 13.4 Transmutations
 + Level 13.2 Fire Magic
 + Level 13.2 Ice Magic
 + Level 13.2 Air Magic
 + Level 13.2 Earth Magic
 + Level 14.2 Poison Magic
 + Level 16.9 Invocations
 + Level 15.6 Evocations
 + Level 14.3 Shapeshifting


You had 14 spell levels left.
You knew the following spells:

 Your Spells              Type           Power      Damage    Failure   Level
a - Stone Arrow           Conj/Erth      100%       3d13      1%          3
b - Summon Mana Viper     Hex/Summ       85%        N/A       1%          5
c - Olgreb's Toxic Radia  Pois           88%        N/A       1%          4
d - Mephitic Cloud        Conj/Pois/Air  86%        N/A       1%          3
e - Dazzling Flash        Conj/Hex       100%       N/A       1%          3
f - Fulminant Prism       Conj/Hex       42%        3d19      1%          4
g - Borgnjor's Vile Clut  Necr/Erth      42%        N/A       1%          5
h - Ignite Poison         Fire/Tmut/Pois 87%        N/A       1%          3
i - Summon Lightning Spi  Summ/Air       85%        N/A       1%          4
j - Summon Forest         Summ/Tloc      42%        N/A       1%          5

Your spell library contained the following spells:

 Spells                   Type           Power      Damage    Failure   Level
 Apportation              Tloc           100%       N/A       0%          1
 Foxfire                  Conj/Fire      100%       2x1d9     0%          1
 Magic Dart               Conj           100%       1d8       0%          1
 Necrotise                Necr           100%       1d9       0%          1
 Sandblast                Erth           100%       2d20      0%          1
 Sting                    Tmut/Pois      100%       1d8       0%          1
 Summon Small Mammal      Summ           100%       N/A       0%          1
 Blink                    Tloc           100%       N/A       0%          2
 Ensorcelled Hibernation  Hex/Ice        100%       N/A       0%          2
 Lesser Beckoning         Tloc           100%       N/A       0%          2
 Momentum Strike          Conj/Tloc      100%       3d10      0%          2
 Passwall                 Tmut/Erth      71%        N/A       0%          2
 Poisonous Vapours        Pois/Air       100%       N/A       0%          2
 Scorch                   Fire           100%       2d9       0%          2
 Searing Ray              Conj           100%       2d8       0%          2
 Sublimation of Blood     Necr           85%        N/A       0%          2
 Wereblood                Tmut           86%        N/A       0%          2
 Call Canine Familiar     Summ           85%        N/A       1%          3
 Gell's Gravitas          Tloc           85%        N/A       1%          3
 Inner Flame              Hex/Fire       85%        N/A       1%          3
 Ozocubu's Armour         Ice            85%        N/A       1%          3
 Portal Projectile        Hex/Tloc       100%       N/A       1%          3
 Teleport Other           Tloc           85%        N/A       1%          3
 Anguish                  Hex/Necr       42%        N/A       1%          4
 Animate Armour           Summ/Erth      100%       N/A       1%          4
 Flame Wave               Conj/Fire      85%        2d18      1%          4
 Leda's Liquefaction      Hex/Erth       42%        N/A       1%          4
 Passage of Golubria      Tloc           85%        N/A       1%          4
 Petrify                  Tmut/Erth      86%        N/A       1%          4
 Sticky Flame             Conj/Fire      85%        2d10      1%          4
 Summon Ice Beast         Ice/Summ       85%        N/A       1%          4
 Agony                    Necr           85%        N/A       1%          5
 Alistair's Intoxication  Tmut/Pois      58%        N/A       1%          5
 Freezing Cloud           Conj/Ice/Air   42%        6-21      1%          5
 Irradiate                Conj/Tmut      43%        3d26      1%          5
 Lee's Rapid Deconstruct  Erth           42%        3d21*     1%          5
 Silence                  Hex/Air        42%        N/A       1%          5
 Yara's Violent Unravell  Hex/Tmut       43%        3d17      1%          5
 Conjure Ball Lightning   Conj/Air       42%        3x3d15    1%          6
 Eringya's Noxious Bog    Tmut/Pois      43%        4d6       1%          6
 Plasma Beam              Fire/Air       42%        2x1d56    1%          6
 Starburst                Conj/Fire      42%        6d12      1%          6
 Summon Cactus Giant      Summ           42%        N/A       1%          6
 Enfeeble                 Hex            42%        N/A       9%          7
 Haunt                    Necr/Summ      42%        N/A       9%          7
 Monstrous Menagerie      Summ           42%        N/A       9%          7
 Ozocubu's Refrigeration  Ice            42%        4d16      9%          7
 Summon Hydra             Summ           42%        N/A       9%          7
 Borgnjor's Revivificati  Necr           42%        N/A       56%         8
 Discord                  Hex            42%        N/A       56%         8
 Disjunction              Tloc           42%        N/A       56%         8
 Ignition                 Fire           42%        3d12      56%         8
 Infestation              Necr           42%        N/A       56%         8
 Death's Door             Necr           42%        N/A       100%        9
 Animate Dead             Necr           Unusable   N/A       N/A         4

Dungeon Overview and Level Annotations

Branches:
Dungeon (15/15)            Temple (1/1) D:6            Lair (5/5) D:11
  Swamp (4/4) Lair:2       Spider (4/4) Lair:3        Slime (1/5) Lair:5
    Orc (2/2) D:10            Elf (1/3) Orc:2        Vaults (4/5) D:14
  Crypt (0/3) Vaults:3     Depths (3/4) D:15          IceCv (visited)
Volcano (visited)

Altars:
Ashenzari
Cheibriados
Dithmenos
Elyvilon
Fedhas
Gozag
Hepliaklqana
Kikubaaqudgha
Makhleb
Nemelex Xobeh
Okawaru
Qazlal
Ru
Sif Muna
Trog
Uskayaw
Vehumet
Wu Jian
Xom
Yredelemnul
Zin
The Shining One
Jiyva

Shops:
D:3 [   D:4 [   D:9 :   Orc:2 ?=[=*[*   Vaults:4 (   Depths:1 *[
Depths:3 ==?!*

Portals:
Hell: Depths:1 Depths:2 Depths:3
Abyss: Depths:1 Depths:3
Pandemonium: Depths:2
Ziggurat: Depths:1

Annotations:
D:3 4 runed translucent doors, exclusion: phantom, TobyConnect's ghost, weakling DsFi
D:4 Grinder
D:10 3 runed translucent doors, exclusion: obsidian statue, Sapher's ghost, amateur SpDe
Vaults:3 8 runed translucent doors, Asunaom's ghost, adept HOFi
Depths:3 1 transporter


Innate Abilities, Weirdness & Mutations

You have very sharp teeth.
Your uncanny sense of smell can sniff out nearby items.
Your experience applies equally to all skills.
Your body sometimes deteriorates upon taking damage.


Message History

The bolt of electricity hits the shadow dragon!
The walking frostbound tome erupts in a flurry of living spells!
The shadow dragon bites your lightning spire.
The shadow dragon claws your lightning spire.
The shadow dragon claws your lightning spire!
Casting: Borgnjor's Vile Clutch (mildly dangerous; 1% risk of failure)
Confirm with . or Enter, or press ? or * to list all spells.
You begin to radiate toxic energy.
The frost giant is poisoned.
The zombie hands constrict the iron dragon.
The zombie hands constrict the shadow dragon.
Your lightning spire shoots out a bolt of lightning at the shadow dragon!
The bolt of electricity hits the shadow dragon!!
The bolt of electricity hits the shadow dragon!
The shadow dragon dies!
The iron dragon struggles to escape constriction.
The living spell casts itself at you.
The mass of ice explodes!
The iceblast engulfs you!! You partially resist.
* * * LOW HITPOINT WARNING * * *
Casting: Olgreb's Toxic Radiance (safe; 1% risk of failure)
Confirm with . or Enter, or press ? or * to list all spells.
Okay, then.
Casting: Olgreb's Toxic Radiance (safe; 1% risk of failure)
Confirm with . or Enter, or press ? or * to list all spells.
You ignite the poison in your surroundings!
The frost giant seems to burn from within!!
The frost giant is almost dead.
The frost giant is poisoned.
The zombie hands constrict the iron dragon, but do no damage.
Your lightning spire shoots out a bolt of lightning at the frost giant!
The bolt of electricity hits the frost giant!!
The frost giant dies!
The bolt of electricity hits the walking frostbound tome.
The iron dragon breathes metal splinters at you.
The spray of metal splinters hits you!!
* * * LOW HITPOINT WARNING * * *
Your body deteriorates!
You feel clumsy. The living spell casts itself at you.
The mass of ice explodes!
The iceblast engulfs you!! You partially resist.
You die...
Your body crumbles into a pile of gold.

#........##########.##....##...
##.....###♣#♣♣♣#♣ #.♣#.....#...
####...♣♣♣♣.....♣#♣'##........[
###.....##♣.....#....######+..#
##.C#..#.#......♣##..'.# #..##
...#♣#...$......#....#.####.##
>...D..X~~)....©♣©...#......###
,
..D####..;~$8.=.♣....#..#####>.
##..##.♣≈≈*D.$@.###..#......#..
###...#~~~**.$..♣....##'######.
####...~...~$$..#..........####
##.....♣♣♣##♣♣♣##..........#...
#........♣##'..............#..)
#############..............#...
#..............#)## ### ###
#### #..............'##. ..#
#'# #..# #..............##..


You could see a tentacled monstrosity, an iron dragon (catching breath,
clutched), a walking frostbound tome (distracted), 3 living spells and a
friendly lightning spire (summoned).

Vanquished Creatures
  the Lernaean hydra (Swamp:4)
  A caustic shrike (Depths:3)
  Arachne (Spider:4)
  A tentacled monstrosity (Depths:3)
  Jorgrun (Swamp:1)
  3 titans
  Rupert (Lair:3)
  A lich (Depths:2)
  5 sphinxes
  Mlioglotl (Lair:2)
  Gastronok (D:8)
  Frances (D:12)
  4 tengu reavers
  Kirke (Swamp:2)
  Roxanne (Spider:4)
  Aizul (Spider:3)
  3 fenstrider witches (Swamp:2)
  An azure jelly (Slime:1)
  3 iron dragons
  5 emperor scorpions
  2 fire giants
  10 vault wardens
  2 frost giants (Depths:3)
  4 ghost moths (Spider:4)
  7 ghouls
  19 ironbound preservers
  A reaper (Depths:2)
  2 broodmothers
  11 stone giants
  10 very ugly things
  3 vampire knights
  7 ironbound thunderhulks
  3 war gargoyles
  Nessos (D:14)
  5 eleionomae
  4 dire elephants (Vaults:4)
  4 bunyips
  11 spark wasps
  Snorg (D:12)
  3 ettins
  A crystal guardian (Vaults:1)
  8 entropy weavers
  A merfolk impaler (Depths:1)
  11 fire dragons
  A spriggan zombie (D:15)
  12 yaktaur captains
  3 great orbs of eyes
  The ghost of kae the Arsonist, a journeyman TeFE of Vehumet (Lair:2)
  3 peacekeepers
  10 vault guards
  12 hydras
  4 rakshasas (Depths:2)
  Erolcha (Orc:1)
  An alligator (shapeshifter) (D:15)
  An ice dragon (Depths:3)
  2 catoblepae
  An anaconda (shapeshifter) (D:13)
  2 ogre magi
  3 spriggan air magi
  6 alligators
  A jorogumo (Spider:1)
  11 ironbound frosthearts
  13 boulder beetles
  2 radroaches
  15 centaur warriors
  16 two-headed ogres
  4 deep troll shamans (Depths:1)
  3 tengu warriors
  3 death yaks
  A death scarab (Spider:4)
  Urug (D:14)
  3 deep troll earth magi
  7 orc high priests (Orc:2)
  4 demonic crawlers
  A spriggan berserker (Depths:2)
  12 hell knights
  2 sun demons
  A skyshark (Lair:3)
  3 pharaoh ants
  2 iron trolls (Depths:1)
  3 sun moths
  5 spriggan druids
  50 deep trolls
  6 goliath frogs
  7 swamp dragons
  6 skeletal warriors
  A death drake (Swamp:1)
  18 orb spiders
  2 glowing orange brains
  An obsidian statue (Vaults:2)
  2 flayed ghosts
  12 ironbound convokers
  An orc knight (D:14)
  A bog body (Lair:2)
  3 phantasmal warriors
  3 lindwurms
  A harpy (shapeshifter) (D:14)
  Pikel (D:7)
  53 ugly things
  4 necromancers
  4 large abominations (Depths:3)
  8 steelbarb worms
  12 wizards
  5 deep elf pyromancers
  3 deep elf zephyrmancers (Elf:1)
  An orc sorcerer (Volcano)
  2 moths of wrath
  18 wolf spiders
  4 will-o-the-wisps
  5 cyclopes
  15 elephants
  2 manticores
  2 ice statues (IceCv)
  16 vault sentinels
  6 black mambas
  8 torpor snails
  13 cane toads
  A smoke demon (Depths:2)
  Maggie (Lair:2)
  A komodo dragon (shapeshifter) (D:13)
  3 unseen horrors
  7 komodo dragons
  2 kobold demonologists
  40 yaktaurs
  An efreet (D:14)
  4 tengu conjurers
  8 ice devils
  4 meliai
  6 trolls
  An anaconda simulacrum (IceCv)
  10 polar bears
  2 red devils
  2 bloated husks (Swamp:1)
  22 hornets
  A queen bee (Lair:4)
  40 blink frogs
  32 tarantellas
  7 tyrant leeches
  5 dream sheep (Lair:5)
  An air elemental (Elf:1)
  42 slime creatures
  16 jumping spiders
  25 culicivoras
  A spriggan skeleton (D:15)
  Sigmund (D:2)
  7 wyverns
  25 spriggans
  2 ynoxinuls (Depths:2)
  3 dire elephant simulacra (IceCv)
  16 humans (D:14)
  3 water elementals (Depths:1)
  4 wraiths
  4 hogs (Swamp:2)
  4 basilisks
  A hog (shapeshifter) (Depths:3)
  Eustachio (D:5)
  Grum (D:11)
  40 yaks
  7 vampire mosquitoes
  3 chaos spawn (Depths:3)
  60 redbacks
  A death yak simulacrum (IceCv)
  2 steam dragons (D:7)
  An acid dragon (D:14)
  5 swamp worms
  6 wargs
  2 harpy simulacra (IceCv)
  A hydra simulacrum (IceCv)
  4 hell hounds (Volcano)
  17 water moccasins
  6 swamp drakes
  11 black bears
  11 orc warriors
  5 boggarts (Lair:5)
  2 sky beasts
  8 ogres
  A phantom (D:5)
  21 wolves
  7 centaurs
  A lemure (D:7)
  3 kobold brigands
  An earth elemental (Elf:1)
  2 necrophages
  2 scorpions (D:5)
  13 bullfrogs
  5 wights
  A two-headed ogre simulacrum (IceCv)
  An elephant simulacrum (IceCv)
  34 killer bees
  8 small abominations (Depths:3)
  An electric eel (Spider:4)
  6 howler monkeys
  2 human zombies
  2 jellies (D:6)
  4 hounds
  30 orc priests
  A sleepcap (D:6)
  Crazy Yiuf (D:7)
  Jessica (D:2)
  8 iguanas
  12 orc wizards
  8 hell rats (Lair:1)
  A hound skeleton (D:4)
  Robin (D:3)
  12 adders
  A naga simulacrum (IceCv)
  10 river rats (Lair:1)
  3 white imps
  2 ufetubi
  A worm (D:2)
  4 dart slugs
  64 orcs
  7 ball pythons
  8 endoplasms
  4 giant cockroaches
  18 goblins
  12 hobgoblins
  13 jackals
  19 kobolds
  10 quokkas
  10 bats
  3 frilled lizards
  8 rats
  A fulminant prism (IceCv)
1577 creatures vanquished.

Vanquished Creatures (collateral kills)
  A tentacled monstrosity (Depths:3)
  A walking earthen tome (Depths:3)
  A walking divine tome (Depths:3)
  A shadow dragon (Depths:3)
  A frost giant (Depths:3)
  An emperor scorpion (Spider:4)
  A ghoul (Swamp:2)
  A bunyip (Swamp:4)
  An ettin (Depths:3)
  3 hydras (Swamp:4)
  An alligator (Swamp:2)
  A deep troll earth mage (Depths:3)
  A sun demon (Depths:2)
  A death drake (Swamp:1)
  A skeletal warrior (D:15)
  A goliath frog (Swamp:2)
  A glowing orange brain (Depths:3)
  9 swamp dragons (Swamp:4)
  A wizard (Depths:1)
  A bog body (Swamp:2)
  A phantasmal warrior (Vaults:4)
  A wolf spider (Spider:4)
  A will-o-the-wisp (Swamp:4)
  A hellwing (Depths:2)
  A tyrant leech (Swamp:4)
  A tarantella (Spider:4)
  A redback (Spider:4)
  2 vampire mosquitoes (Swamp:4)
  A swamp worm (Swamp:4)
  A floating eye (Depths:3)
  A human skeleton (D:15)
  6 swamp drakes
  A wight (D:7)
  An orc (D:7)
50 creatures vanquished.

Vanquished Creatures (others)
  An acid dragon (D:11)
  An ice beast (D:7)
  A lemure (D:7)
  2 wights (D:7)
  A shadow imp (D:7)
  18 foxfires
  67 fulminant prisms
  A snaplasher vine (Swamp:4)
92 creatures vanquished.

Grand Total: 1719 creatures vanquished

Notes
Turn   | Place    | Note
-------+----------+-------------------------------------------
     0 | D:1      | inmateoo the Gnoll Venom Mage began the quest for the Orb.
     0 | D:1      | Reached XP level 1. HP: 13/13 MP: 6/6
   142 | D:1      | Reached XP level 2. HP: 10/19 MP: 4/7
   152 | D:1      | Learned a level 2 spell: Poisonous Vapours
   333 | D:1      | Reached XP level 3. HP: 25/25 MP: 5/9
   335 | D:1      | Reached skill level 5 in Spellcasting
   542 | D:1      | Reached skill level 1 in Invocations
   676 | D:1      | Found a faded altar of an unknown god.
   750 | D:1      | Reached skill level 1 in Fighting
   750 | D:1      | Reached skill level 1 in Short Blades
   750 | D:1      | Reached skill level 1 in Long Blades
   750 | D:1      | Reached skill level 1 in Axes
   750 | D:1      | Reached skill level 1 in Maces & Flails
   750 | D:1      | Reached skill level 1 in Polearms
   750 | D:1      | Reached skill level 1 in Staves
   750 | D:1      | Reached skill level 1 in Ranged Weapons
   750 | D:1      | Reached skill level 1 in Throwing
   750 | D:1      | Reached skill level 1 in Armour
   750 | D:1      | Reached skill level 1 in Shields
   750 | D:1      | Reached skill level 1 in Unarmed Combat
   750 | D:1      | Reached skill level 1 in Evocations
   929 | D:2      | Noticed Jessica
   929 | D:2      | Found a glowing silver altar of Zin.
   935 | D:2      | Killed Jessica
   936 | D:2      | Reached skill level 1 in Shapeshifting
   936 | D:2      | Reached XP level 4. HP: 17/32 MP: 2/11
  1008 | D:2      | Learned a level 4 spell: Olgreb's Toxic Radiance
  1012 | D:2      | Learned a level 3 spell: Mephitic Cloud
  1031 | D:2      | Noticed Sigmund
  1041 | D:2      | Killed Sigmund
  1042 | D:2      | Reached skill level 1 in Conjurations
  1042 | D:2      | Reached skill level 1 in Hexes
  1042 | D:2      | Reached skill level 1 in Summonings
  1042 | D:2      | Reached skill level 1 in Necromancy
  1042 | D:2      | Reached skill level 1 in Translocations
  1042 | D:2      | Reached skill level 1 in Fire Magic
  1042 | D:2      | Reached skill level 1 in Ice Magic
  1042 | D:2      | Reached skill level 1 in Air Magic
  1042 | D:2      | Reached skill level 1 in Earth Magic
  1042 | D:2      | Reached XP level 5. HP: 38/38 MP: 1/12
  1042 | D:2      | Reached XP level 6. HP: 44/44 MP: 1/13
  1506 | D:2      | Reached skill level 5 in Dodging
  1775 | D:3      | Found a runed translucent door.
  1775 | D:3      | Noticed a human
  1957 | D:3      | Found a runed translucent gate.
  1957 | D:3      | Found a runed translucent gate.
  1957 | D:3      | Found a runed translucent gate.
  1993 | D:3      | Found Ciemesel's Antique Armour Shoppe.
  1994 | D:3      | Noticed TobyConnect's ghost (weakling DsFi)
  2178 | D:3      | Found a basalt altar of Yredelemnul.
  2273 | D:3      | Found a white marble altar of Elyvilon.
  2289 | D:3      | Identified the +5 helmet "Sotig" {Will+}
  2289 | D:3      | Noticed Robin
  2297 | D:3      | Killed Robin
  2308 | D:3      | Reached XP level 7. HP: 36/50 MP: 1/15
  2923 | D:4      | Noticed Grinder
  2930 | D:4      | Learned a level 3 spell: Dazzling Flash
  3166 | D:4      | Found Peobumeh's Armour Shoppe.
  3230 | D:4      | Reached skill level 5 in Stealth
  3392 | D:4      | Found a burning altar of Makhleb.
  3702 | D:4      | Reached XP level 8. HP: 57/57 MP: 16/16
  3951 | D:4      | Paralysed by Grinder for 5 turns
  4236 | D:5      | Entered Level 5 of the Dungeon
  4481 | D:5      | Noticed a kobold demonologist
  4492 | D:5      | Killed a kobold demonologist
  4620 | D:5      | Found a broken altar of Ashenzari.
  4735 | D:5      | Noticed Eustachio
  4895 | D:5      | Killed Eustachio
  4896 | D:5      | Reached XP level 9. HP: 65/65 MP: 3/18
  5555 | D:6      | Found a staircase to the Ecumenical Temple.
  5569 | Temple   | Entered the Ecumenical Temple
  6149 | D:7      | Noticed Pikel
  6162 | D:7      | Killed Pikel
  6163 | D:7      | Reached skill level 5 in Invocations
  6177 | D:6      | Reached XP level 10. HP: 52/73 MP: 3/20
  6343 | D:6      | Reached skill level 5 in Fighting
  6343 | D:6      | Reached skill level 5 in Short Blades
  6343 | D:6      | Reached skill level 5 in Long Blades
  6343 | D:6      | Reached skill level 5 in Axes
  6343 | D:6      | Reached skill level 5 in Maces & Flails
  6343 | D:6      | Reached skill level 5 in Polearms
  6343 | D:6      | Reached skill level 5 in Staves
  6343 | D:6      | Reached skill level 5 in Ranged Weapons
  6343 | D:6      | Reached skill level 5 in Throwing
  6343 | D:6      | Reached skill level 5 in Armour
  6343 | D:6      | Reached skill level 5 in Shields
  6343 | D:6      | Reached skill level 5 in Unarmed Combat
  6343 | D:6      | Reached skill level 5 in Evocations
  7051 | D:7      | Got Viath's Encyclopedia of Resurrection
  7080 | D:7      | Found a runed translucent door.
  7081 | D:7      | Noticed Crazy Yiuf
  7088 | D:7      | Killed Crazy Yiuf
  7313 | D:8      | Noticed Gastronok
  7511 | D:8      | Noticed a two-headed ogre
  7527 | D:8      | Killed a two-headed ogre
  7528 | D:8      | Reached skill level 5 in Transmutations
  7528 | D:8      | Reached skill level 5 in Shapeshifting
  7767 | D:8      | Killed Gastronok
  7892 | D:8      | Found an opulent altar of Gozag.
  8040 | D:8      | Became a worshipper of Gozag Ym Sagoz the Greedy
  8101 | D:9      | Noticed a two-headed ogre
  8110 | D:9      | Killed a two-headed ogre
  8111 | D:9      | Reached skill level 5 in Conjurations
  8111 | D:9      | Reached skill level 5 in Hexes
  8111 | D:9      | Reached skill level 5 in Summonings
  8111 | D:9      | Reached skill level 5 in Necromancy
  8111 | D:9      | Reached skill level 5 in Translocations
  8111 | D:9      | Reached skill level 5 in Fire Magic
  8111 | D:9      | Reached skill level 5 in Ice Magic
  8111 | D:9      | Reached skill level 5 in Air Magic
  8111 | D:9      | Reached skill level 5 in Earth Magic
  8111 | D:9      | Reached XP level 11. HP: 75/81 MP: 14/22
  8360 | D:9      | Found Puitiahu's Book Emporium.
  8824 | D:9      | Found a bloodstained altar of Trog.
  8825 | D:9      | Found a hazy altar of Hepliaklqana.
  9153 | D:10     | Entered Level 10 of the Dungeon
  9173 | D:10     | Found a staircase to the Orcish Mines.
  9253 | D:10     | Noticed a two-headed ogre
  9268 | D:10     | Killed a two-headed ogre
  9574 | D:4      | Bought the +2 pair of gloves "Exitwico" {+Blink rC+ rCorr
                  | SInv} for 543 gold pieces
  9736 | D:10     | Found a runed translucent gate.
  9736 | D:10     | Found a runed translucent gate.
  9736 | D:10     | Found a runed translucent gate.
  9737 | D:10     | Found an opulent altar of Gozag.
  9737 | D:10     | Noticed an obsidian statue
  9738 | D:10     | Noticed a wizard
  9738 | D:10     | Noticed Sapher's ghost (amateur SpDe)
  9739 | D:10     | Noticed an orc high priest
  9948 | D:10     | You fall into a shaft and drop 1 floor!
  9963 | D:11     | Found a staircase to the Lair.
 10069 | D:11     | Found a frozen archway.
 10079 | IceCv    | Entered an ice cave
 11271 | IceCv    | Learned a level 4 spell: Fulminant Prism
 11561 | IceCv    | Noticed a white ugly thing
 11682 | IceCv    | Killed a white ugly thing
 11683 | IceCv    | Reached XP level 12. HP: 79/91 MP: 9/24
 11943 | IceCv    | Noticed a reaper
 12635 | D:11     | Noticed Grum
 12769 | D:10     | Noticed a two-headed ogre
 12776 | D:10     | Killed a two-headed ogre
 13068 | D:11     | Killed Grum
 13174 | D:11     | Learned a level 5 spell: Borgnjor's Vile Clutch
 13338 | D:12     | Noticed Snorg
 13754 | D:12     | Killed Snorg
 14031 | D:12     | Noticed Frances
 14556 | D:12     | Noticed a two-headed ogre
 14568 | D:12     | Killed a two-headed ogre
 15385 | D:12     | Killed Frances
 15826 | D:13     | Identified the +0 ring mail of Disappointment {*Corrode
                  | rElec Regen+ Int+2}
 15854 | D:13     | Reached XP level 13. HP: 90/98 MP: 23/26
 16587 | Lair:1   | Entered Level 1 of the Lair of Beasts
 16690 | Lair:1   | Identified the +8 short sword "Enuwuwa" {freeze, rF++ SInv
                  | Stlth-}
 17181 | Lair:1   | Learned a level 3 spell: Stone Arrow
 18628 | Lair:2   | Noticed Maggie
 18649 | Lair:2   | Found a runed translucent door.
 18654 | Lair:2   | Noticed kae's ghost (journeyman TeFE)
 18894 | Lair:1   | Reached skill level 10 in Spellcasting
 19216 | Lair:2   | Killed Maggie
 19329 | Lair:2   | Found a staircase to the Swamp.
 19910 | Lair:2   | Reached skill level 10 in Dodging
 20529 | Lair:2   | Killed kae's ghost
 20538 | Lair:2   | Identified the +0 leather armour of Fortitude {Will+}
 20825 | Lair:3   | Reached XP level 14. HP: 99/108 MP: 16/28
 20912 | Lair:3   | Found a hole to the Spider Nest.
 20941 | Lair:3   | Reached skill level 10 in Stealth
 21277 | Lair:3   | Reached skill level 10 in Invocations
 21523 | Lair:3   | Found a hazy altar of Hepliaklqana.
 21525 | Lair:3   | Noticed Rupert
 21788 | Lair:3   | Killed Rupert
 22298 | Lair:4   | Identified the ring "Ronoaqar" {rElec rC+ rN+ Str+4 Int-2}
 24032 | Lair:5   | Entered Level 5 of the Lair of Beasts
 25495 | Lair:5   | Reached skill level 10 in Poison Magic
 25539 | Lair:5   | Reached XP level 15. HP: 102/115 MP: 7/30
 25633 | Lair:5   | Reached skill level 10 in Fighting
 25633 | Lair:5   | Reached skill level 10 in Short Blades
 25633 | Lair:5   | Reached skill level 10 in Long Blades
 25633 | Lair:5   | Reached skill level 10 in Axes
 25633 | Lair:5   | Reached skill level 10 in Maces & Flails
 25633 | Lair:5   | Reached skill level 10 in Polearms
 25633 | Lair:5   | Reached skill level 10 in Staves
 25633 | Lair:5   | Reached skill level 10 in Ranged Weapons
 25633 | Lair:5   | Reached skill level 10 in Throwing
 25633 | Lair:5   | Reached skill level 10 in Armour
 25633 | Lair:5   | Reached skill level 10 in Shields
 25633 | Lair:5   | Reached skill level 10 in Unarmed Combat
 25633 | Lair:5   | Reached skill level 10 in Evocations
 26034 | Lair:5   | Identified the +2 cloak of Voumige {Dex+6 SInv}
 26137 | Lair:5   | Paralysed by a hornet for 1 turns
 26222 | Lair:5   | Identified the +4 lajatang of Slime {venom, rN+ Str+4 Int-5
                  | SInv}
 26616 | Lair:5   | Found a staircase to the Slime Pits.
 26645 | Lair:5   | Found a viscous altar of Jiyva.
 28368 | D:14     | Noticed Nessos
 28384 | D:14     | Noticed Urug
 28384 | D:14     | Killed Nessos
 28533 | D:14     | Killed Urug
 28615 | D:14     | Found a gate to the Vaults.
 29744 | D:14     | Found a hazy altar of Hepliaklqana.
 30036 | D:15     | Entered Level 15 of the Dungeon
 30383 | D:15     | Found a staircase to the Depths.
 30494 | Orc:1    | Entered Level 1 of the Orcish Mines
 30496 | Orc:1    | Identified a scroll of acquirement
 30497 | Orc:1    | Acquired 779 gold pieces
 30524 | Orc:1    | Found a dark tunnel.
 30857 | Volcano  | Entered a volcano
 31054 | Orc:2    | Entered Level 2 of the Orcish Mines
 31225 | Orc:2    | Reached XP level 16. HP: 116/124 MP: 15/31
 31293 | Orc:2    | Found Yzopuir's Jewellery Emporium.
 31329 | Orc:2    | Found Kyowinka's Magic Scroll Boutique.
 31359 | Orc:2    | Bought a scroll of summoning for 114 gold pieces
 31359 | Orc:2    | Bought a scroll of amnesia for 48 gold pieces
 31446 | Orc:2    | Found a staircase to the Elven Halls.
 31669 | Orc:2    | Found Mialusish's Jewellery Boutique.
 31680 | Orc:2    | Found Peffer's Assorted Antiques.
 31705 | Orc:2    | Bought a scroll of amnesia for 104 gold pieces
 31767 | Orc:2    | Bought an amulet of regeneration for 420 gold pieces
 31962 | Orc:1    | Noticed Erolcha
 31970 | Orc:1    | Killed Erolcha
 31971 | Orc:1    | Reached skill level 10 in Shapeshifting
 32131 | Elf:1    | Entered Level 1 of the Elven Halls
 32149 | Elf:1    | Paralysed by an air elemental for 1 turns
 32153 | Elf:1    | Paralysed by an air elemental for 1 turns
 32162 | Elf:1    | Paralysed by an air elemental for 1 turns
 32164 | Elf:1    | Paralysed by an air elemental for 1 turns
 32166 | Elf:1    | Paralysed by an air elemental for 1 turns
 32277 | Orc:2    | Bought a scroll labelled EMPYPTUROT for 36 gold pieces
 32331 | Orc:2    | Bought a pair of glowing boots for 225 gold pieces
 32339 | Orc:2    | Bought the +3 warlock's mirror {omnireflect} for 1640 gold
                  | pieces
 32339 | Orc:2    | Found the +3 warlock's mirror {omnireflect}
 32352 | Orc:2    | Upgraded the game from 0.31-a0-664-g902f515a81 to
                  | 0.31-a0-667-g39726597b9
 32356 | Orc:2    | Learned a level 3 spell: Ignite Poison
 32380 | Orc:2    | Bought a ring of poison resistance for 280 gold pieces
 32569 | Slime:1  | Entered Level 1 of the Pits of Slime
 32569 | Slime:1  | Noticed an azure jelly
 32574 | Slime:1  | Killed an azure jelly
 32673 | Spider:1 | Entered Level 1 of the Spider Nest
 34678 | Spider:2 | Reached skill level 10 in Transmutations
 34784 | Spider:2 | Reached XP level 17. HP: 131/131 MP: 21/33
 35592 | Spider:3 | Noticed Aizul
 35614 | Spider:3 | Killed Aizul
 36054 | Spider:3 | Reached skill level 10 in Conjurations
 36054 | Spider:3 | Reached skill level 10 in Hexes
 36054 | Spider:3 | Reached skill level 10 in Summonings
 36054 | Spider:3 | Reached skill level 10 in Necromancy
 36054 | Spider:3 | Reached skill level 10 in Translocations
 36054 | Spider:3 | Reached skill level 10 in Fire Magic
 36054 | Spider:3 | Reached skill level 10 in Ice Magic
 36054 | Spider:3 | Reached skill level 10 in Air Magic
 36054 | Spider:3 | Reached skill level 10 in Earth Magic
 37049 | Spider:4 | Entered Level 4 of the Spider Nest
 37367 | Spider:4 | Gained mutation: Your body sometimes deteriorates upon
                  | taking damage. [mutagenic glow]
 37488 | Spider:4 | Noticed Roxanne
 37706 | Spider:4 | Noticed Arachne
 38041 | Spider:4 | Killed Arachne
 39492 | Spider:4 | Reached XP level 18. HP: 122/140 MP: 1/35
 39685 | Spider:4 | Got a gossamer rune of Zot
 39964 | Spider:4 | Killed Roxanne
 40333 | Vaults:1 | Entered Level 1 of the Vaults
 43019 | Vaults:2 | Reached XP level 19. HP: 149/149 MP: 26/36
 44397 | Vaults:3 | Upgraded the game from 0.31-a0-667-g39726597b9 to
                  | 0.31-a0-672-g7da72447bb
 44972 | Vaults:3 | Found a staircase to the Crypt.
 44972 | Vaults:3 | Found an ancient bone altar of Kikubaaqudgha.
 44973 | Vaults:3 | Found a basalt altar of Yredelemnul.
 45138 | Vaults:3 | Found a large runed translucent door.
 45138 | Vaults:3 | Found a large runed translucent door.
 45138 | Vaults:3 | Found a large runed translucent door.
 45138 | Vaults:3 | Found a large runed translucent door.
 45138 | Vaults:3 | Found a large runed translucent door.
 45138 | Vaults:3 | Found a large runed translucent door.
 45138 | Vaults:3 | Noticed Asunaom's ghost (adept HOFi)
 45139 | Vaults:3 | Found a large runed translucent door.
 45139 | Vaults:3 | Found a large runed translucent door.
 45555 | Vaults:3 | Learned a level 4 spell: Summon Lightning Spire
 45751 | Vaults:4 | Reached XP level 20. HP: 154/158 MP: 13/38
 46320 | Vaults:4 | Reached skill level 15 in Invocations
 46452 | Vaults:4 | Learned a level 5 spell: Summon Mana Viper
 47888 | Vaults:4 | Found Sites's Weapon Emporium.
 48091 | D:15     | Identified the +8 falchion of Iconoclasm {vamp, Fly rC+
                  | Stlth-}
 48385 | D:15     | Reached skill level 15 in Spellcasting
 49119 | Swamp:1  | Entered Level 1 of the Swamp
 49127 | Swamp:1  | Noticed Mlioglotl
 49134 | Swamp:1  | Noticed Jorgrun
 49143 | Swamp:1  | Killed Jorgrun
 49177 | Lair:2   | Killed Mlioglotl
 49407 | Swamp:1  | Reached skill level 15 in Dodging
 49672 | Swamp:1  | Reached XP level 21. HP: 118/166 MP: 11/40
 50352 | Swamp:2  | Reached skill level 15 in Stealth
 50717 | Swamp:2  | Identified the +5 hand axe of Prudence {elec, Dex+5}
 51019 | Swamp:2  | Got Ketzif's Omnibus of the Distorted Bane
 51033 | Swamp:2  | Upgraded the game from 0.31-a0-672-g7da72447bb to
                  | 0.31-a0-700-gf13585253f
 51127 | Swamp:2  | Noticed Kirke
 51140 | Swamp:2  | Killed Kirke
 51783 | Swamp:2  | Found a runed translucent door.
 52458 | Swamp:3  | Identified the ring of Democracy {AC+4 Dex+5 Stlth+}
 52511 | Swamp:3  | Learned a level 5 spell: Summon Forest
 52629 | Swamp:4  | Entered Level 4 of the Swamp
 53564 | Swamp:4  | Noticed the 27-headed Lernaean hydra
 53572 | Swamp:4  | Killed the 27-headed Lernaean hydra
 53993 | Swamp:4  | Got a decaying rune of Zot
 54255 | Depths:1 | Entered Level 1 of the Depths
 54266 | Depths:1 | Found a one-way gate to the infinite horrors of the Abyss.
 54532 | Depths:1 | Identified the +2 helmet of Kif Rebla {rPois}
 54686 | Depths:1 | Found a gateway to Hell.
 54751 | Depths:1 | Found Vuil's Armour Shoppe.
 55420 | Depths:1 | Found a one-way gateway to a ziggurat.
 55489 | Depths:1 | Bought the +3 helmet of Lugonu's Supremacy {+Blink rPois
                  | Int+3} for 440 gold pieces
 55489 | Depths:1 | Bought a potion of heal wounds for 50 gold pieces
 55533 | Depths:2 | Reached skill level 15 in Fighting
 55533 | Depths:2 | Reached skill level 15 in Short Blades
 55533 | Depths:2 | Reached skill level 15 in Long Blades
 55533 | Depths:2 | Reached skill level 15 in Axes
 55533 | Depths:2 | Reached skill level 15 in Maces & Flails
 55533 | Depths:2 | Reached skill level 15 in Polearms
 55533 | Depths:2 | Reached skill level 15 in Staves
 55533 | Depths:2 | Reached skill level 15 in Ranged Weapons
 55533 | Depths:2 | Reached skill level 15 in Throwing
 55533 | Depths:2 | Reached skill level 15 in Armour
 55533 | Depths:2 | Reached skill level 15 in Shields
 55533 | Depths:2 | Reached skill level 15 in Unarmed Combat
 55533 | Depths:2 | Reached skill level 15 in Evocations
 55741 | Depths:2 | Reached XP level 22. HP: 166/175 MP: 30/41
 57074 | Depths:2 | Found a one-way gate leading to the halls of Pandemonium.
 57748 | Depths:3 | Found a transporter.
 58571 | Depths:3 | Found Matozxur's Distillery.
 58571 | Depths:3 | Found Nusommit's Magic Scroll Boutique.
 58572 | Depths:3 | Found Vusiab's General Store.
 58574 | Depths:3 | Found Visaxt's Jewellery Boutique.
 58632 | Depths:3 | Bought a scroll of blinking for 90 gold pieces
 58632 | Depths:3 | Bought a scroll of amnesia for 48 gold pieces
 58635 | Depths:3 | Bought a scroll of teleportation for 57 gold pieces
 58638 | Depths:3 | Bought a potion of haste for 190 gold pieces
 58638 | Depths:3 | Bought a potion of curing for 57 gold pieces
 58638 | Depths:3 | Bought a potion of curing for 57 gold pieces
 58638 | Depths:3 | Bought a potion of curing for 57 gold pieces
 58638 | Depths:3 | Bought a potion of curing for 57 gold pieces
 58657 | Depths:3 | Found Fikkuj's Jewellery Emporium.
 59098 | Depths:3 | Noticed a caustic shrike
 59191 | Depths:3 | Paralysed by a floating eye for 4 turns
 59198 | Depths:3 | Paralysed by a floating eye for 3 turns
 59336 | Depths:3 | Found a transporter.
 59902 | Depths:3 | Killed a caustic shrike
 60841 | Depths:3 | HP: 3/162 [iron dragon/spray of metal splinters (35)]
 60841 | Depths:3 | Killed from afar by a living spell

Illustrated notes

Levels and vault maps discovered:
D:1:      dpeg_arrival_morbid_curiosity, layout_basic,
          ebering_ecumenical_altar_abandoned
D:2:      layout_rooms, basic_altar, uniq_sigmund, uniq_jessica
D:3:      layout_rooms, nicolae_elyvilon_temple_path, dk_yredelemnul_ordeal,
          gammafunk_ghost_icy, serial_shops, nicolae_shop_stone, uniq_robin
D:4:      layout_loops_corners, makhleb_blood_cavern_becter, serial_shops, shop,
          uniq_grinder
D:5:      layout_basic, cheibrodos_ashenzari_chains, uniq_eustachio
D:6:      layout_cave_pods, minmay_temple_entry_junction
D:7:      layout_cave_pools, abandoned_shop, kennysheep_generic_room_12,
          uniq_pikel, uniq_crazy_yiuf_cottage
D:8:      layout_rooms, nicolae_gozag_cash_rules_everything_around_me,
          uniq_gastronok
D:9:      layout_loops_ring, gammafunk_temple_overflow_statue, serial_shops,
          shop, serial_co_window_serial, co_window_cross_1, co_window_paths_b,
          co_window_paths_b, co_window_corner_a, co_window_of_opportunity_a,
          co_window_paths_b, co_window_paths_a, co_window_cross_2,
          co_window_2corner, co_window_unsneaky_path_b, co_window_corner_cb,
          co_window_corner_b, glass_columns_a, glass_columns_b, glass_columns_a
D:10:     layout_gridville, orc_0_dummy, ebering_ghost_gozag
D:11:     minmay_evil_eye, layout_basic, david_lair_generic,
          portal_ice_cave_entry_pillars_2, uniq_grum
D:12:     layout_stronghold, uniq_frances, uniq_snorg
D:13:     layout_roguey
D:14:     layout_layer_cave, david_vaults_3, roderic_lattice_a,
          nzn_hepliaklqana_mist_gate
D:15:     gammafunk_depths_entry_grave, layout_basic, minivault_26
Temple:   nicolae_temple_bog_church
Lair:1:   lemuel_ratsnest, layout_cave_pods, grunt_megastairs_4
Lair:2:   layout_cave_pods, minmay_swamp_entry_reptiles, gauntlet_entry_generic,
          ebering_ghost_reflecting_pool, cheibrodos_lair_lostbears,
          infiniplex_staircase_pool_2, uniq_maggie
Lair:3:   layout_gridlike, hellmonk_spider_entry_not_the_bees, basic_altar,
          grunt_megastairs_5, uniq_rupert
Lair:4:   layout_layer_cave, special_room [special_room_bee],
          grunt_forest_large_clearing_hut
Lair:5:   minmay_lair_end_enchanted_forest, layout_gridlike,
          dpeg_slime_entry_corner, chequers_serial_rivers_micro_d,
          grunt_megastairs_1
Swamp:1:  layout_falls_marsh, nicolae_swamp_some_circles,
          nicolae_swamp_drake_lake, uniq_jorgrun, uniq_mlioglotl
Swamp:2:  layout_basic_swamp, evilmike_swamp_ruin_rubble_2,
          nzn_swamp_weyward_sisters, uniq_kirke
Swamp:3:  layout_basic_swamp, serial_swamp_ruin, evilmike_swamp_ruin_house_6,
          hangedman_swamp_ruin_wall
Swamp:4:  swamp_old_school, layout_basic_swamp
Spider:1: layout_spider_delve, nicolae_spider_rock_and_or_roll
Spider:2: layout_spider_delve
Spider:3: layout_spider_delve, nicolae_spider_shape,
          hangedman_spider_tarantella_strand, uniq_aizul
Spider:4: spider_rune_water, nicolae_orb_stairs, uniq_arachne, uniq_roxanne
Slime:1:  layout_caves
Orc:1:    layout_caves, nicolae_volcano_entry_lava_flow, uniq_erolcha
Orc:2:    st_orc_town, layout_caves, basic_altar
Elf:1:    eino_elf_arrival_the_gate, layout_gridlike, minmay_elf_necromancy,
          nicolae_elf_glass_and_crystal_pillar_2
Vaults:1: grunt_vaults_funnel, hangedman_vaults_nodes, nicolae_vaults_network_s,
          v_misc_27, nicolae_vaults_tangram_2, nicolae_vaults_little_squares_6,
          nicolae_vaults_stepped_doors, nicolae_vaults_ring_of_whatevers,
          nicolae_vaults_mush_room, v_misc_28, vaults_dpeg_encased_lava,
          nicolae_vaults_double_plus_2, nicolae_vaults_double_plus_1,
          vaults_dpeg_diagonal, layout_vaults_chaotic_city
Vaults:2: v_rooms_1, nicolae_vaults_spaceships,
          nicolae_vaults_storage_room_water, nicolae_vaults_network_square,
          v_misc_11, v_misc_30, nicolae_vaults_statue_guard,
          nicolae_vaults_sesquioval_fish, nicolae_vaults_big_angled_halls,
          layout_vaults_omnigrid
Vaults:3: advil_vaults_ghost_lines, nicolae_vaults_shelves_hall,
          dpeg_vaults_monster_box, nicolae_vaults_offset_grid_hallway_4,
          nicolae_vaults_trapezoid_layered, nicolae_vaults_sightless_eye,
          vaults_room_stairs_pillars, nicolae_vaults_alarming,
          hangedman_vaults_restitches, vaults_room_door_hall,
          grunt_vaults_hallway_long, layout_vaults_omnibox,
          minmay_crypt_entry_necro_gods
Vaults:4: v_alt_pattern_3, nicolae_vaults_shrinking_rooms_2,
          nicolae_vaults_corridor_and_loot_room, v_pattern_4,
          nicolae_vaults_offset_grid_hallway_1, grunt_vaults_hallway_long,
          v_rooms_6, ontoclasm_vaults_spin, v_misc_15, vaults_room_grid,
          nicolae_vaults_taking_the_gang_shopping, layout_vaults_ring
Depths:1: layout_cave_pools, enter_ziggurat_e, abyss_entry_crystal,
          hangedman_tar_grid_catacomb, minmay_misc_feat_cross,
          minmay_misc_feat_doors, minivault_22, kennysheep_windowed_goal
Depths:2: minmay_cut_squares, layout_cave_shapes, grunt_hell_entry_dis_old,
          grunt_pan_entry_sceptre, infiniplex_staircase_pool_1
Depths:3: gammafunk_dig_for_victory, layout_gridlike, hangedman_geh_valley,
          minmay_room_of_horrors, serial_shops, shop, minmay_misc_feat_iff,
          grunt_ministairs_6, infiniplex_staircase_door_maze, minmay_shoptagon

Skill      XL: |  1  2  3  4  5  6  7  8  9 10 11 12 13 14 15 16 17 18 19 20 21 22 |
---------------+-------------------------------------------------------------------+-----
Transmutations | 2 3 4 5 6 7 8 9 10 11 12 13 | 13.4
Spellcasting   | 5 6 7 8 9 10 11 12 13 14 15 16 | 16.3
Invocations    | 1 2 3 4 5 6 7 8 9 10 11 12 13 14 15 16 | 16.9
Fighting       | 1 2 3 4 6 7 9 10 11 12 13 14 15 | 15.6
Short Blades   | 1 2 3 4 6 7 9 10 11 12 13 14 15 | 15.6
Long Blades    | 1 2 3 4 6 7 9 10 11 12 13 14 15 | 15.6
Axes           | 1 2 3 4 6 7 9 10 11 12 13 14 15 | 15.6
Maces & Flails | 1 2 3 4 6 7 9 10 11 12 13 14 15 | 15.6
Polearms       | 1 2 3 4 6 7 9 10 11 12 13 14 15 | 15.6
Staves         | 1 2 3 4 6 7 9 10 11 12 13 14 15 | 15.6
Ranged Weapons | 1 2 3 4 6 7 9 10 11 12 13 14 15 | 15.6
Throwing       | 1 2 3 4 6 7 9 10 11 12 13 14 15 | 15.6
Armour         | 1 2 3 4 6 7 9 10 11 12 13 14 15 | 15.6
Shields        | 1 2 3 4 6 7 9 10 11 12 13 14 15 | 15.6
Unarmed Combat | 1 2 3 4 6 7 9 10 11 12 13 14 15 | 15.6
Evocations     | 1 2 3 4 6 7 9 10 11 12 13 14 15 | 15.6
Shapeshifting  | 1 2 3 4 5 6 7 8 9 10 11 12 13 14 | 14.3
Conjurations   | 1 2 3 4 5 6 7 8 9 10 11 12 13 | 13.2
Hexes          | 1 2 3 4 5 6 7 8 9 10 11 12 13 | 13.2
Summonings     | 1 2 3 4 5 6 7 8 9 10 11 12 13 | 13.2
Necromancy     | 1 2 3 4 5 6 7 8 9 10 11 12 13 | 13.2
Translocations | 1 2 3 4 5 6 7 8 9 10 11 12 13 | 13.2
Fire Magic     | 1 2 3 4 5 6 7 8 9 10 11 12 13 | 13.2
Ice Magic      | 1 2 3 4 5 6 7 8 9 10 11 12 13 | 13.2
Air Magic      | 1 2 3 4 5 6 7 8 9 10 11 12 13 | 13.2
Earth Magic    | 1 2 3 4 5 6 7 8 9 10 11 12 13 | 13.2
Dodging        | 5 6 7 8 9 10 11 12 13 14 15 16 | 16.2
Stealth        | 5 6 7 8 9 10 11 12 13 14 15 16 | 16.1
Poison Magic   | 6 7 8 9 10 11 12 13 14 | 14.2

Action                     |  1- 3 |  4- 6 |  7- 9 | 10-12 | 13-15 | 16-18 | 19-21 | 22-24 || total
---------------------------+-------+-------+-------+-------+-------+-------+-------+-------++-------
  Melee: Mace              |    62 |     6 |       |       |       |       |       |       ||    68
         Bite              |     6 |     8 |    18 |    95 |   204 |   241 |   246 |   129 ||   947
         Punch             |     1 |     1 |     5 |    34 |    63 |       |       |       ||   104
         Dagger            |       |    62 |   191 |   408 |   673 |       |       |       ||  1334
         Flail             |       |    15 |    14 |       |       |       |       |       ||    29
         Unarmed           |       |       |    15 |    21 |    32 |       |       |       ||    68
         Long sword        |       |       |       |   180 |       |       |       |       ||   180
         Short sword       |       |       |       |       |   355 |  1080 |  1172 |   478 ||  3085
         Staff             |       |       |       |       |    31 |       |       |       ||    31
         Constrict         |       |       |       |       |     3 |       |       |       ||     3
  Throw: Javelin           |       |       |     3 |       |       |       |       |       ||     3
         Boomerang         |       |       |       |       |    16 |       |       |       ||    16
   Cast: Sting             |    44 |    26 |     9 |     3 |     1 |       |       |       ||    83
         Poisonous Vapours |     4 |     9 |     8 |    14 |     8 |     5 |       |       ||    48
         Olgreb's Toxic Ra |       |     5 |    31 |    43 |   123 |   150 |   119 |    31 ||   502
         Mephitic Cloud    |       |       |       |    13 |     2 |     4 |    17 |       ||    36
         Dazzling Flash    |       |       |       |    25 |    92 |    31 |     3 |     4 ||   155
         Fulminant Prism   |       |       |       |    33 |     8 |    22 |     5 |       ||    68
         Borgnjor's Vile C |       |       |       |    10 |    64 |    50 |    67 |    28 ||   219
         Stone Arrow       |       |       |       |       |    63 |     7 |   118 |    12 ||   200
         Ignite Poison     |       |       |       |       |       |    76 |    89 |    13 ||   178
         Summon Lightning  |       |       |       |       |       |       |    22 |     7 ||    29
         Summon Mana Viper |       |       |       |       |       |       |    20 |     8 ||    28
         Summon Forest     |       |       |       |       |       |       |     8 |     4 ||    12
 Invoke: Call Merchant     |       |       |       |       |       |     3 |     1 |       ||     4
  Evoke: Wand              |       |       |       |    53 |     7 |     5 |     6 |     4 ||    75
         Phial of floods   |       |       |       |       |     1 |     1 |       |       ||     2
         Lightning rod     |       |       |       |       |       |       |       |     3 ||     3
    Use: Scroll            |       |       |    10 |     9 |     9 |     4 |     1 |     4 ||    37
         Potion            |       |       |     4 |     2 |     2 |     1 |       |     3 ||    12
   Stab: Sleeping          |     3 |     1 |    15 |     8 |    29 |    19 |    20 |     6 ||   101
         Confused          |       |       |       |     7 |     2 |     1 |     2 |       ||    12
         Invisible         |       |       |       |    13 |    53 |    15 |     2 |     2 ||    85
         Distracted        |       |       |       |     1 |     8 |     7 |    19 |     8 ||    43
         Paralysed         |       |       |       |       |       |     1 |       |     1 ||     2
         Petrifying        |       |       |       |       |       |       |     1 |       ||     1
 Armour: Robe              |    47 |    55 |   145 |   380 |       |       |       |       ||   627
         Leather armour    |       |       |       |    12 |   519 |   640 |   582 |   204 ||  1957
         Skin              |       |       |       |     5 |     8 |       |       |       ||    13
  Dodge: Dodged            |    63 |    68 |   170 |   506 |   797 |   678 |   635 |   256 ||  3173
  Block: Buckler           |       |       |       |       |   164 |   563 |   513 |   169 ||  1409
         Reflection        |       |       |       |       |     1 |    18 |    59 |    17 ||    95
         Form:             |       |       |     1 |     1 |     5 |       |       |       ||     7
         Beast             |       |       |     1 |     1 |     2 |       |       |       ||     4
         Anaconda          |       |       |       |       |     3 |       |       |       ||     3

Table legend: (Time is in decaauts)
 A = Elapsed time spent in this place.
 B = Non-inter-level travel time spent in this place.
 C = Inter-level travel time spent in this place.
 D = Time resting spent in this place.
 E = Time spent auto-exploring this place.
 F = Levels seen in this place.
 G = Mean time per level.
                   A        B        C        D        E       F      G
               +--------+--------+--------+--------+--------+-----+--------+
         Total |  59160 |  55925 |   3235 |  19178 |  21258 |  42 | 1408.6 |
       Dungeon |  19089 |  17755 |   1334 |   5196 |   8429 |  15 | 1272.6 |
        Temple |     21 |     14 |      7 |      0 |      0 |   1 |   21.0 |
          Lair |  10772 |  10024 |    748 |   3769 |   3700 |   5 | 2154.4 |
         Swamp |   4790 |   4578 |    212 |   1624 |   1444 |   4 | 1197.5 |
   Spider Nest |   6909 |   6687 |    222 |   2735 |   2014 |   4 | 1727.2 |
    Slime Pits |     13 |     13 |      0 |      0 |      0 |   1 |   13.0 |
  Orcish Mines |   1550 |   1383 |    167 |     68 |    868 |   2 |  775.0 |
   Elven Halls |    117 |    117 |      0 |     70 |      8 |   1 |  117.0 |
        Vaults |   7312 |   7042 |    270 |   1677 |   3021 |   4 | 1828.0 |
        Depths |   6146 |   5875 |    271 |   2551 |   1729 |   3 | 2048.7 |
      Ice Cave |   2266 |   2266 |      0 |   1486 |      0 |   1 | 2266.0 |
       Volcano |    171 |    171 |      0 |      0 |     45 |   1 |  171.0 |
               +--------+--------+--------+--------+--------+-----+--------+

Top non-repeatable levels by time:
Depths:3: 3303 daAuts
    D:12: 2709 daAuts
  Lair:5: 2704 daAuts
Spider:4: 2539 daAuts
  Lair:1: 2413 daAuts
   IceCv: 2266 daAuts
Spider:3: 2159 daAuts
Vaults:1: 2127 daAuts
  Lair:2: 1974 daAuts
  Lair:3: 1909 daAuts
Vaults:4: 1900 daAuts
    D:14: 1822 daAuts
    D:13: 1802 daAuts
Depths:2: 1776 daAuts
  Lair:4: 1771 daAuts
